 Dungeon Crawl Stone Soup version 0.23.2-1-ga50397a (webtiles) character file.

Game seed: 9168935965213993689

24446 xveg the Basher (level 12, -10/106 HPs)
             Began as a Minotaur Berserker on May 15, 2019.
             Was a High Priest of Trog.
             Mangled by an infernal demonspawn
             ... wielding a +0 demon trident of electrocution
              (15 damage)
             ... on level 2 of the Orcish Mines.
             The game lasted 00:21:29 (8965 turns).

xveg the Basher (Minotaur Berserker)                Turns: 8965, Time: 00:21:35

Health: -10/106    AC: 14    Str: 26    XL:     12   Next: 80%
Magic:  9/9        EV: 14    Int:  4    God:    Trog [*****.]
Gold:   879        SH:  4    Dex: 11    Spells: 11/11 levels left

rFire    . . .     SeeInvis .   I - +12 Vampire's Tooth {vamp}
rCold    . . .     Gourm    .   H - +0 buckler
rNeg     . . .     Faith    .   w - +3 scale mail
rPois    .         Spirit   .   (helmet restricted)
rElec    .         Reflect  .   (no cloak)
rCorr    .         Harm     .   (no gloves)
MR       ++...                  (no boots)
Stlth    +.........             (no amulet)
HPRegen  1.67/turn              s - +5 ring of slaying
MPRegen  0.11/turn              j - +3 ring of protection

@: berserk cooldown, starving, regenerating
A: retaliatory headbutt, horns 2, low mp 1, regeneration 1
a: Berserk, Trog's Hand, Brothers in Arms, Renounce Religion


You were on level 2 of the Orcish Mines.
You worshipped Trog.
Trog was extremely pleased with you.
You were starving.

You visited 2 branches of the dungeon, and saw 13 of its levels.

You collected 1209 gold pieces.
You spent 330 gold pieces at shops.

Inventory:

Hand Weapons
 d - a +2 antimagic bardiche
 t - a +2 flail of protection
 x - the +9 staff of Olgreb {rPois}
   (You found it on level 7 of the Dungeon)

   It protects you from poison.
 I - the +12 Vampire's Tooth (weapon) {vamp}
   (You found it on level 11 of the Dungeon)

   It inflicts no extra harm, but heals its wielder when it wounds a living foe.
Armour
 w - a +3 scale mail (worn)
 H - a +0 buckler (worn)
Jewellery
 j - a +3 ring of protection (right hand)
 q - a +1 ring of evasion
 s - a +5 ring of slaying (left hand)
Wands
 a - a wand of scattershot (6)
 l - a wand of acid (7)
 C - a wand of paralysis (8)
 D - a wand of polymorph (9)
 E - a wand of disintegration (7)
 F - a wand of random effects (28)
Scrolls
 c - 6 scrolls of teleportation
 e - 2 scrolls of enchant armour
 g - a scroll of blinking
 k - 12 scrolls of remove curse
 z - 3 scrolls of identify
Potions
 f - 2 potions of agility
 h - 2 potions of flight
 o - 6 potions of curing
 r - a potion of heal wounds
 v - 2 potions of brilliance
Miscellaneous
 G - a phantom mirror
Comestibles
 b - 17 rations


   Skills:
 - Level 10.1 Fighting
 * Level 11.8 Short Blades
 - Level 12.6 Maces & Flails
 + Level 9.7 Armour
 + Level 8.6 Dodging
 - Level 3.1 Stealth
 + Level 3.8 Shields
 + Level 7.5 Unarmed Combat


You had 11 spell levels left.
You didn't know any spells.
Your spell library was empty.

Dungeon Overview and Level Annotations

Branches:
Dungeon (11/15)            Temple (0/1) D:7            Lair (0/6) D:10
    Orc (2/2) D:11            Elf (0/3) Orc:2

Altars:
Dithmenos
Elyvilon
Hepliaklqana
Trog
Uskayaw
Vehumet
Wu Jian
Xom
Zin
Beogh

Shops:
D:5 :   Orc:2 !?

Annotations:
D:7 1 runed translucent door
Orc:1 2 runed translucent doors, shadizar's ghost, journeyman GrFi


Innate Abilities, Weirdness & Mutations

You reflexively headbutt those who attack you in melee.
You have a pair of horns on your head.
Your magical capacity is low. (-10% MP)
Your natural rate of healing is unusually fast.


Message History

You feel much better.
You feel yourself speed up.
The torturous demonspawn completely misses you.
The infernal demonspawn hits you with a +0 demon trident of electrocution.
* * * LOW HITPOINT WARNING * * *
You are engulfed in flames!!
* * * LOW HITPOINT WARNING * * *
You are electrocuted!
* * * LOW HITPOINT WARNING * * *
You hit the infernal demonspawn.
You feel better.
You headbutt the infernal demonspawn, but do no damage.
The infernal demonspawn is lightly wounded.
The torturous demonspawn closely misses you.
You closely miss the infernal demonspawn.
Your headbutt misses the infernal demonspawn.
The infernal demonspawn is lightly wounded.
The infernal demonspawn hits you with a +0 demon trident of electrocution.
* * * LOW HITPOINT WARNING * * *
You are engulfed in flames!
You die...

.#.#.#.....###..###..............
.######...###..#####.............
..# ##..###..###.###............
.## #..###..###...###.........##
## #####..###.#.#.###..((......
##..###...#...###.#.......
##..###...###)))####.......
##..###)..##.##)).####......
##....))).##@))##)).###......
##....#...##6.#).##).)###.##..
##...#....##o6###.)##)#.####...
##∩.#.....##44# ##.)))...# ##..
#.....#..##... ##)#.....# ##.
##∩.#.....##.. #.......## ##
##...#)...## #..##.#.##
##....#)..## #..# ...##
##..)...).##...# ..##


You could see an orc high priest, an infernal demonspawn, a torturous
demonspawn, an orange demon and a rust devil.

Vanquished Creatures
  A two-headed ogre (Orc:2)
  5 orc high priests (Orc:2)
  A gelid demonspawn (Orc:2)
  A torturous demonspawn (Orc:2)
  5 orc knights
  6 orc sorcerers (Orc:2)
  2 cyclopes (Orc:2)
  A rust devil (Orc:2)
  A red devil (Orc:2)
  3 hornets
  3 trolls (Orc:2)
  A tyrant leech (D:11)
  A hippogriff (D:8)
  2 vampires (D:11)
  A wraith (D:11)
  4 water elementals (D:10)
  3 yaks (D:10)
  A steam dragon (D:10)
  5 vampire mosquitoes (D:11)
  Menkaure (D:4)
  2 wargs
  Edmund (D:4)
  4 water moccasins
  A porcupine (D:10)
  5 soldier ants
  An ice beast (D:6)
  4 sky beasts
  29 orc warriors
  A black bear (D:10)
  4 ogres
  12 centaurs
  A crocodile (D:10)
  A big kobold (D:9)
  6 bullfrogs
  6 scorpions
  17 killer bees
  4 wights (D:11)
  2 howler monkeys (D:10)
  4 electric eels (D:11)
  4 crimson imps
  2 bullfrog zombies (D:6)
  2 jellies (D:6)
  A centaur zombie (D:7)
  A bullfrog skeleton (D:9)
  3 hounds
  21 orc priests
  18 orc wizards
  A centaur skeleton (D:7)
  A gnoll shaman (D:6)
  An iguana (D:4)
  10 worker ants
  A killer bee zombie (D:6)
  A hound zombie (D:7)
  A hound skeleton (D:6)
  A worker ant zombie (D:6)
  9 gnolls
  12 adders
  2 shadow imps
  3 oozes
  An adder zombie (D:5)
  2 adder skeletons
  2 worms
  3 dart slugs
  9 leopard geckos
  60 orcs
  3 giant cockroaches
  7 goblins
  9 hobgoblins
  10 jackals
  10 kobolds
  A quokka (D:2)
  2 ball pythons
  5 bats
  5 frilled lizards
  A jackal skeleton (D:8)
  2 leopard gecko skeletons
  3 leopard gecko zombies
  A quokka skeleton (D:6)
  A quokka zombie (D:6)
  6 rats
391 creatures vanquished.

Vanquished Creatures (others)
  A fire vortex (Orc:1)
  A fungus (D:10)
2 creatures vanquished.

Grand Total: 393 creatures vanquished

Notes
Turn   | Place    | Note
-------+----------+-------------------------------------------
     0 | D:1      | xveg the Minotaur Berserker began the quest for the Orb.
     0 | D:1      | Reached XP level 1. HP: 19/19 MP: 0/0
    72 | D:1      | Reached XP level 2. HP: 4/27 MP: 1/1
   805 | D:2      | Reached XP level 3. HP: 33/33 MP: 2/2
   911 | D:2      | Found a hazy altar of Hepliaklqana.
  1130 | D:2      | Found a bloodstained altar of Trog.
  1261 | D:2      | Reached ** piety under Trog
  1261 | D:2      | Reached XP level 4. HP: 38/41 MP: 3/3
  1858 | D:3      | Reached XP level 5. HP: 12/47 MP: 4/4
  2318 | D:3      | Reached skill level 5 in Unarmed Combat
  2342 | D:3      | Reached *** piety under Trog
  2659 | D:4      | Noticed Edmund
  2691 | D:4      | Killed Edmund
  2691 | D:4      | Reached skill level 1 in Stealth
  2691 | D:4      | Reached XP level 6. HP: 28/55 MP: 5/5
  2730 | D:4      | Gained mutation: Your natural rate of healing is unusually
                  | fast. [potion of mutation]
  2730 | D:4      | Gained mutation: You are dopey. (Int -2) [potion of
                  | mutation]
  2730 | D:4      | Gained mutation: Your magical capacity is low. (-10% MP)
                  | [potion of mutation]
  2730 | D:4      | Lost mutation: You are dopey. (Int -2) [potion of mutation]
  2820 | D:4      | Noticed Menkaure
  2826 | D:4      | Killed Menkaure
  2826 | D:4      | Reached skill level 5 in Fighting
  2864 | D:4      | Reached XP level 7. HP: 61/61 MP: 5/5
  2980 | D:4      | Found a shadowy altar of Dithmenos.
  3106 | D:5      | Entered Level 5 of the Dungeon
  3107 | D:5      | Found Ketostyq's Book Boutique.
  3107 | D:5      | Found a hide-covered altar of Uskayaw.
  3189 | D:5      | Found a white marble altar of Elyvilon.
  3234 | D:5      | Reached skill level 1 in Maces & Flails
  3325 | D:5      | Reached skill level 5 in Dodging
  3579 | D:6      | Reached skill level 2 in Maces & Flails
  3654 | D:6      | Reached skill level 3 in Maces & Flails
  3656 | D:6      | Reached XP level 8. HP: 49/69 MP: 6/6
  3673 | D:6      | Reached skill level 4 in Maces & Flails
  3868 | D:6      | Reached **** piety under Trog
  3889 | D:6      | Reached skill level 5 in Maces & Flails
  4101 | D:6      | Found a shimmering altar of Xom.
  4101 | D:6      | Found a shadowy altar of Dithmenos.
  4101 | D:6      | Found a glowing silver altar of Zin.
  4216 | D:7      | Reached skill level 6 in Maces & Flails
  4240 | D:7      | Found a staircase to the Ecumenical Temple.
  4324 | D:7      | Found the +9 staff of Olgreb {rPois}
  4332 | D:7      | Found a runed translucent door.
  4340 | D:7      | Found a runed translucent gate.
  4340 | D:7      | Found a runed translucent gate.
  4341 | D:7      | Found a runed translucent door.
  4354 | D:7      | Found a runed translucent gate.
  4370 | D:7      | Reached skill level 7 in Maces & Flails
  4370 | D:7      | Reached XP level 9. HP: 78/78 MP: 7/7
  4389 | D:7      | Reached skill level 8 in Maces & Flails
  4398 | D:7      | Reached skill level 5 in Armour
  4425 | D:7      | Reached skill level 9 in Maces & Flails
  4551 | D:7      | Found a radiant altar of Vehumet.
  5060 | D:8      | Reached skill level 10 in Maces & Flails
  5309 | D:8      | Reached XP level 10. HP: 78/88 MP: 8/8
  5341 | D:8      | Paralysed by a hornet for 3 turns
  5450 | D:8      | Found an ornate altar of the Wu Jian Council.
  5715 | D:9      | Reached ***** piety under Trog
  5715 | D:9      | Reached skill level 11 in Maces & Flails
  6369 | D:10     | Entered Level 10 of the Dungeon
  6388 | D:10     | Received a gift from Trog
  6627 | D:10     | Found a staircase to the Lair.
  6830 | D:10     | Reached skill level 12 in Maces & Flails
  7062 | D:11     | Reached XP level 11. HP: 78/97 MP: 8/8
  7283 | D:11     | Found the +12 Vampire's Tooth {vamp}
  7522 | D:11     | Reached skill level 10 in Fighting
  7587 | D:11     | Reached skill level 1 in Short Blades
  7608 | D:11     | Received a gift from Trog
  7706 | D:11     | Reached skill level 1 in Shields
  7779 | D:11     | Found a staircase to the Orcish Mines.
  7826 | Orc:1    | Entered Level 1 of the Orcish Mines
  7840 | Orc:1    | Found a large runed translucent door.
  7842 | Orc:1    | Found a large runed translucent door.
  7844 | Orc:1    | Noticed shadizar's ghost (journeyman GrFi)
  7859 | Orc:1    | Noticed an orc knight
  7874 | Orc:1    | Killed an orc knight
  8172 | Orc:2    | Entered Level 2 of the Orcish Mines
  8172 | Orc:2    | Found a roughly hewn altar of Beogh.
  8310 | Orc:2    | Found Isilol's Magic Scroll Emporium.
  8312 | Orc:2    | Noticed an orc knight
  8334 | Orc:2    | Found Xeytwim's Distillery.
  8347 | Orc:2    | Killed an orc knight
  8347 | Orc:2    | Reached skill level 5 in Short Blades
  8419 | Orc:2    | Noticed an orc sorcerer
  8425 | Orc:2    | Killed an orc sorcerer
  8490 | Orc:2    | Noticed a two-headed ogre
  8500 | Orc:2    | Killed a two-headed ogre
  8638 | Orc:2    | Reached XP level 12. HP: 106/106 MP: 9/9
  8670 | Orc:2    | Found a staircase to the Elven Halls.
  8682 | Orc:2    | Received a gift from Trog
  8818 | Orc:2    | Bought a potion of heal wounds for 60 gold pieces
  8822 | Orc:2    | Bought a scroll of enchant armour for 135 gold pieces
  8822 | Orc:2    | Bought a scroll of enchant armour for 135 gold pieces
  8835 | Orc:2    | Noticed an orc high priest
  8858 | Orc:2    | Killed an orc high priest
  8892 | Orc:2    | Reached skill level 10 in Short Blades
  8904 | Orc:2    | Noticed an orc high priest
  8904 | Orc:2    | Noticed an orc high priest
  8908 | Orc:2    | Killed an orc high priest
  8923 | Orc:2    | Killed an orc high priest
  8929 | Orc:2    | Noticed an orc high priest
  8933 | Orc:2    | Noticed an orc high priest
  8937 | Orc:2    | Killed an orc high priest
  8951 | Orc:2    | Killed an orc high priest
  8954 | Orc:2    | Noticed an orc high priest
  8963 | Orc:2    | HP: 5/106 [infernal demonspawn/+0 demon trident of
                  | electrocution (8)]
  8965 | Orc:2    | Mangled by an infernal demonspawn

Skill      XL: |  1  2  3  4  5  6  7  8  9 10 11 12 |
---------------+-------------------------------------+-----
Fighting       | 4 5 6 7 9 10 | 10.1
Unarmed Combat | 4 5 6 7 |  7.5
Dodging        | 3 4 5 6 7 8 |  8.6
Stealth        | 1 2 3 |  3.1
Maces & Flails | 3 7 10 12 | 12.6
Armour         | 3 4 6 7 8 9 |  9.7
Short Blades   | 7 11 | 11.8
Shields        | 2 3 |  3.8

Action                   |  1- 3 |  4- 6 |  7- 9 | 10-12 || total
-------------------------+-------+-------+-------+-------++-------
Melee: Unarmed           |    59 |   124 |       |       ||   183
       Headbutt          |    12 |    32 |    51 |   131 ||   226
       Punch             |     1 |     2 |    10 |     8 ||    21
       Flail             |       |    12 |   205 |   205 ||   422
       Quick blade       |       |       |       |   387 ||   387
Invok: Berserk           |       |     1 |     1 |     2 ||     4
       Trog's Hand       |       |       |       |     1 ||     1
  Use: Scroll            |       |     6 |     7 |     6 ||    19
       Potion            |       |     6 |       |     6 ||    12
 Stab: Sleeping          |     1 |     1 |       |       ||     2
  Eat: Chunk             |       |     2 |     2 |     5 ||     9
       Ration            |       |     2 |     2 |     3 ||     7
Armor: Animal skin       |    17 |    26 |     9 |       ||    52
       Scale mail        |       |       |    95 |   171 ||   266
Dodge: Dodged            |    40 |    79 |   128 |   274 ||   521
Block: Buckler           |       |       |       |    52 ||    52
